 Dungeon Crawl Stone Soup version 0.32-a0-433-g08bcfe7efd (webtiles) character file.

Game seed: 12964981926259482379

252 adelrune the Covered (level 5, -1/43 (45) HPs)
             Began as an Armataur Fighter on Feb 22, 2024.
             Was a Follower of Wu Jian.
             Slain by a wight
             ... wielding a +0 dire flail
              (9 damage)
             ... in an ossuary.
             The game lasted 00:06:06 (2398 turns).

adelrune the Covered (Armataur Fighter)             Turns: 2398, Time: 00:06:06

HP:   -1/43 (45)    AC:  7    Str: 24    XL:     5   Next: 89%
MP:   5/5           EV:  7    Int:  8    God:    Wu Jian [*.....]
Gold: 128           SH:  4    Dex:  9    Spells: 4/4 levels left

rFire   . . .        a - +0 war axe
rCold   . . .        c - +0 buckler
rNeg    . . .        b - +0 scale mail
rPois   +            (no helmet)
rElec   .            (no cloak)
rCorr   .            (no gloves)
SInv    +            (no barding)
Will    .....        (no amulet) Stlth
                     e - ring of see invisible
HPRegen 0.27/turn    n - ring of poison resistance
MPRegen 0.09/turn

%: roll
@: lightly drained
A: large, deformed body, tough skin 3, armoured tail, roll 1
a: Renounce Religion


You were in an ossuary.
You worshipped Wu Jian.
Wu Jian was aware of your devotion.
You visited 1 branch of the dungeon, and saw 4 of its levels.
You also visited: Ossuary.

You collected 128 gold pieces.

Inventory:

Hand Weapons
 a - a +0 war axe (weapon)
Armour
 b - a +0 scale mail (worn)
 c - a +0 buckler (worn)
Jewellery
 e - a ring of see invisible (left hand)
 l - a ring of flight
 n - a ring of poison resistance (right hand)
 q - an amulet of the acrobat
Scrolls
 f - a scroll of acquirement {unknown}
 g - 5 scrolls of identify {unknown}
 i - a scroll of amnesia {unknown}
 j - a scroll of noise {unknown}
 k - 2 scrolls of brand weapon {unknown}
 o - a scroll of vulnerability {unknown}
 r - a scroll of revelation {unknown}
 s - a scroll of enchant weapon {unknown}
Potions
 d - a potion of might
 h - 2 potions of magic
 m - a potion of ambrosia {unknown}
 p - 2 potions of brilliance {unknown}
 t - a potion of resistance {unknown}
 u - a potion of heal wounds {unknown}
 v - a potion of curing {unknown}


   Skills:
 + Level 3.6 Fighting
 * Level 3.4 Axes
 + Level 4.8 Armour
 + Level 4.3 Shields


You had 4 spell levels left.
You didn't know any spells.
Your spell library contained the following spells:

 Spells                   Type           Power      Damage    Failure   Level
 Magic Dart               Conj           0%         1d3       77%         1
 Blink                    Tloc           0%         N/A       88%         2
 Call Imp                 Summ           0%         N/A       88%         2
 Ensorcelled Hibernation  Hex/Ice        0%         N/A       88%         2
 Fugue of the Fallen      Necr           0%         N/A       98%         3
 Gell's Gravitas          Tloc           0%         N/A       98%         3
 Teleport Other           Tloc           0%         N/A       98%         3
 Anguish                  Hex/Necr       0%         N/A       100%        4
 Dispersal                Tloc           0%         N/A       100%        6


Dungeon Overview and Level Annotations

Branches:
Dungeon (4/15)            Ossuary (1/1)
 Temple: D:4-7

Altars:
Gozag
Vehumet
Wu Jian

Shops:
D:3 *[[


Innate Abilities, Weirdness & Mutations

Armour fits poorly on your strangely shaped body.
You have extremely tough skin. (AC +3)
You have a long armoured tail.
You regenerate magic when rolling toward enemies. (Rampage MPRegen)


Message History

There is an open door here.
You slash the wight!
Your tail-slap misses the wight.
The wight is heavily damaged.
The wight hits you with a +2 dagger!
You closely miss the wight.
The wight is heavily damaged.
The wight hits you with a +2 dagger. The wight completely misses you.
You closely miss the wight.
The wight is moderately damaged.
The wight hits you but does no damage.
The burial acolyte recites a funeral chant.
The wight is empowered. x2
You barely miss the wight.
The wight is moderately damaged.
You block the wight's attack. The wight hits you with a +2 dagger.
You feel drained.
You slash the wight!
The wight is almost destroyed.
You block the wight's attack.
You closely miss the wight. You tail-slap the wight.
The wight is almost destroyed.
The wight no longer looks unusually strong.
The wight is no longer moving quickly.
The wight no longer looks unusually strong.
The wight is no longer moving quickly.
The wight hits you with a +2 dagger!
You barely miss the wight.
The wight is almost destroyed.
The wight hits you with a +2 dagger.
You feel drained.
You slash the wight!
You destroy the wight!
The Council accepts your kill.
The wight hits you with a +0 dire flail!
* * * LOW HITPOINT WARNING * * *
You feel drained.
* * * LOW HITPOINT WARNING * * *
The burial acolyte drones a funeral chant.
The wight is empowered.
It was a potion of magic.
Magic courses through your body.
The wight hits you with a +0 dire flail!
You die...

##########################
#.........................
#.∩.....................∩.
#.......#####'#####.......
#......##.........##......
#.....##...#####...##.....
#....##...##...##...##....
#....#...##.!!!.##...#....
#....#...@zp.?.?.#...#....
#....#...##...!.##...#....
#....##...##...##...##....
#.....##...#####...##.....
#......##.........##......
#.......###########.......
#.∩.....................∩.
#.........................
############'''###########


You could see a burial acolyte and a wight (strong, swift).

Vanquished Creatures
  A wight (Ossuary)
  A jelly (D:3)
  Natasha (D:4)
  An orc wizard (D:3)
  A mummy (Ossuary)
  2 adders (D:2)
  2 ribbon worms
  2 dart slugs (D:1)
  4 orcs
  2 endoplasms (D:1)
  5 giant cockroaches
  5 goblins
  6 hobgoblins
  4 jackals (D:3)
  4 quokkas
  6 ball pythons
  6 bats
  3 frilled lizards
  7 gnoll skeletons (Ossuary)
  6 kobolds
  6 kobold skeletons (Ossuary)
  7 orc skeletons (Ossuary)
  3 rats
85 creatures vanquished.

Notes
Turn   | Place    | Note
-------+----------+-------------------------------------------
     0 | D:1      | adelrune the Armataur Fighter began the quest for the Orb.
     0 | D:1      | Reached XP level 1. HP: 18/18 MP: 1/1
   141 | D:1      | Reached XP level 2. HP: 25/25 MP: 2/2
   479 | D:1      | Reached XP level 3. HP: 30/30 MP: 3/3
  1312 | D:3      | Reached XP level 4. HP: 38/38 MP: 4/4
  1386 | D:3      | Found Risumiss's Assorted Antiques.
  1448 | D:3      | Found Efrid's Antique Armour Shop.
  1479 | D:3      | Found Nureho's Armour Shop.
  1525 | D:3      | Found an opulent altar of Gozag.
  1529 | D:3      | Found an ornate altar of the Wu Jian Council.
  1529 | D:3      | Found a radiant altar of Vehumet.
  1677 | D:3      | Reached XP level 5. HP: 45/45 MP: 5/5
  1685 | D:3      | Became a worshipper of the Wu Jian Council
  2082 | D:4      | Noticed Natasha
  2093 | D:4      | Killed Natasha
  2105 | D:4      | Found a sand-covered staircase.
  2159 | Ossuary  | Entered an ossuary
  2291 | Ossuary  | Reached * piety under Wu Jian
  2398 | Ossuary  | Slain by a wight

Illustrated notes

Levels and vault maps discovered:
D:1:      onia_arrival_pentagram, layout_basic, nicolae_the_louvre
D:2:      layout_rooms, grunt_decor_arrowhead
D:3:      minmay_angry_zag, layout_basic,
          chequers_temple_overflow_statue_of_worship, serial_shops,
          nicolae_square_shop, shop, nicolae_shop_trees
D:4:      layout_cave_pools, nicolae_ossuary_entry_plus, uniq_natasha
Ossuary:  ossuary_due_mausoleum

Skill      XL: |  1  2  3  4 |
---------------+-------------+-----
Axes           | 2 3 |  3.4
Armour         | 4 |  4.8
Fighting       | 3 |  3.6
Shields        | 4 |  4.3

Action                     |  1- 3 |  4- 6 || total
---------------------------+-------+-------++-------
  Melee: War axe           |   109 |    97 ||   206
         Tailslap          |    12 |    12 ||    24
Ability: Lunge             |       |     9 ||     9
         Whirlwind         |       |     2 ||     2
    Use: Potion            |       |     1 ||     1
 Armour: Scale mail        |    83 |    78 ||   161
  Dodge: Dodged            |    39 |    32 ||    71
  Block: Buckler           |    22 |    20 ||    42

Table legend: (Time is in decaauts)
 A = Elapsed time spent in this place.
 B = Non-inter-level travel time spent in this place.
 C = Inter-level travel time spent in this place.
 D = Time resting spent in this place.
 E = Time spent auto-exploring this place.
 F = Levels seen in this place.
 G = Mean time per level.
                   A        B        C        D        E       F      G
               +--------+--------+--------+--------+--------+-----+--------+
         Total |   2478 |   2409 |     69 |    170 |   1501 |   5 |  495.6 |
       Dungeon |   2226 |   2157 |     69 |    143 |   1466 |   4 |  556.5 |
       Ossuary |    252 |    252 |      0 |     27 |     35 |   1 |  252.0 |
               +--------+--------+--------+--------+--------+-----+--------+

Top non-repeatable levels by time:
     D:1: 840 daAuts
     D:3: 665 daAuts
     D:2: 590 daAuts
 Ossuary: 252 daAuts
     D:4: 130 daAuts
